AoeStats
← JAlcaraz

Arabia

509803509Analyzed
1v1 RM · 3d ago on Sep 28, 2026· 37m 45s· 2 players
Game mode
Random Map
Map size
Tiny (2 player)
Population
200
Speed
Normal
Resources
Standard
Victory
Conquest
Starting age
Dark Age
Ending age
Imperial Age
RankedLock teamsTeams togetherTeam positionsShared explorationLock speedFull tech treeHidden civsTurbo modeCheats
Victory
Defeat
🇲🇽 Franks · Mexico
884
+15
🇲🇽 Britons · Mexico
872
-41
JAlcaraz
2:12 Loom
11:49 Feudal Age
18:19 Castle Age
23:40 Horse Collar
23:29 Pikeman
29:38 Forging
29:44 Scale Mail Armor
31:56 Fletching
32:21 Padded Archer Armor
32:37 Bodkin Arrow
Pepe_MR7
7:24 Loom
9:45 Feudal Age
12:14 Double-Bit Axe
21:16 Castle Age
20:19 Forging
20:18 Scale Barding Armor
21:11 Wheelbarrow
20:21 Town Watch
21:39 Gold Mining
21:42 Stone Mining
22:47 Bow Saw
24:33 Iron Casting
25:07 Chain Barding Armor
26:04 Husbandry
29:16 Hand Cart
30:00 Town Patrol
30:10 Fletching
31:23 Elite Skirmisher
33:17 Bodkin Arrow
33:22 Padded Archer Armor
34:10 Ordonnance Companies
36:50 Gold Shaft Mining
38:55 Imperial Age
Connection lost

Rejoining the realm…

Still unreachable

The connection could not be restored.

Session expired

The server has moved on; the page needs a fresh start.